AoeStats
← Chungus69

Enclosed

504521194Analyzed
1v1 RM · 27d ago on Sep 5, 2026· 44m 31s· 2 players
Game mode
Random Map
Map size
Tiny (2 player)
Population
200
Speed
Normal
Resources
Standard
Victory
Conquest
Starting age
Dark Age
Ending age
Imperial Age
RankedLock teamsTeams togetherTeam positionsShared explorationLock speedFull tech treeHidden civsTurbo modeCheats
Victory
Defeat
🇦🇷 Turks · Argentina
711
+18
🇺🇸 Britons · United States
745
-25
GonferM
5:19 Loom
14:29 Feudal Age
15:47 Double-Bit Axe
15:45 Horse Collar
19:16 Castle Age
20:45 Bow Saw
20:51 Heavy Plow
21:38 Wheelbarrow
24:07 Forging
26:47 Bloodlines
30:41 Gold Mining
31:02 Fletching
32:20 Hand Cart
34:21 Gold Shaft Mining
33:51 Town Watch
34:04 Bodkin Arrow
36:24 Town Patrol
40:41 Imperial Age
39:27 Padded Archer Armor
41:13 Husbandry
41:27 Stone Mining
43:43 Ballistics
43:44 Bombard Tower
Chungus69
11:40 Feudal Age
13:04 Wheelbarrow
11:54 Man-at-Arms
13:02 Double-Bit Axe
16:06 Padded Archer Armor
17:20 Scale Mail Armor
20:32 Forging
24:31 Gold Mining
34:45 Castle Age
37:31 Pikeman
39:18 Chain Mail Armor
39:40 Iron Casting
40:52 Hand Cart
40:13 Long Swordsman
40:39 Gambesons
40:54 Squires
40:23 Crossbowman
41:10 Stone Mining
41:04 Horse Collar
42:02 Gold Shaft Mining
41:42 Bow Saw
Connection lost

Rejoining the realm…

Still unreachable

The connection could not be restored.

Session expired

The server has moved on; the page needs a fresh start.